 Dungeon Crawl Stone Soup version 0.31-a0-240-gb923e448b6 (webtiles) character file.

Game seed: 15210979823742132580

2949 Nattfarinn the Mimic (level 9, -5/79 HPs)
             Began as a Troll Shapeshifter on July 11, 2023.
             Was a Follower of Okawaru.
             Slain by a cyclops (25 damage)
             ... on level 7 of the Dungeon on July 12, 2023.
             The game lasted 00:09:50 (5371 turns).

Nattfarinn the Mimic (Troll Shapeshifter)           Turns: 5371, Time: 00:09:50

Health: -5/79      AC:  4    Str: 29    XL:     9   Next: 51%
Magic:  8/8        EV:  9    Int: 10    God:    Okawaru [*.....]
Gold:   242        SH:  0    Dex: 10    Spells: 6/8 levels left

rFire   + .          .
                       - Unarmed
rCold   . . .        (no shield)
rNeg    . . .        a - +0 animal skin
rPois   .            (helmet currently unavailable)
rElec   .            (cloak currently unavailable)
rCorr   .            (gloves unavailable)
SInv    +            (boots unavailable)
Will    .....        (no amulet)
Stlth   +            x - ring "Jevor" {Drain rF+ Int+6 SInv}
HPRegen 1.13/turn    (no ring)
MPRegen 0.11/turn

%: no passive effects
@: beast-form
A: beast (slay +7), large, unfitting armour, claws 3, regeneration 1, shaggy fur
1, tough skin 1
a: Renounce Religion, Heroism


You were on level 7 of the Dungeon.
You worshipped Okawaru.
Okawaru was aware of your devotion.
You were a hulking beast.
You visited 2 branches of the dungeon, and saw 8 of its levels.
You also visited: Sewer and Ossuary.

You collected 242 gold pieces.

Inventory:

Armour
 a - a +0 animal skin (worn)
 f - the +2 hat "Laylod" {Dex+3}
   (You acquired it in an ossuary)

   Dex:       It affects your dexterity (+3).
Jewellery
 r - a +5 ring of evasion
 x - the ring "Jevor" (left claw) {Drain rF+ Int+6 SInv}
   (You acquired it in an ossuary)

   [ring of protection from fire]

   Int:       It affects your intelligence (+6).
   rF:        It protects you from fire.
   SInv:      It lets you see invisible.
   Drain:     It drains your maximum health when unequipped.
 y - a +6 ring of intelligence
Talismans
 c - a beast talisman
 d - a blade talisman
Scrolls
 e - 2 scrolls of enchant armour
 h - 3 scrolls of immolation
 i - 4 scrolls of teleportation
 j - a scroll of identify
 k - 2 scrolls of torment {unknown}
 m - a scroll of fear {unknown}
 w - a scroll of poison {unknown}
Potions
 b - 2 potions of lignification
 g - 4 potions of invisibility {unknown}
 l - 2 potions of magic {unknown}
 n - 8 potions of curing {unknown}
 o - 3 potions of degeneration {unknown}
 p - 3 potions of brilliance {unknown}
 q - 5 potions of mutation {unknown}
 s - 2 potions of berserk rage {unknown}
 t - a potion of haste {unknown}
 u - 2 potions of might {unknown}
 v - 3 potions of attraction {unknown}


   Skills:
 - Level 1.7 Fighting
 - Level 1.5 Dodging
 - Level 2.1 Unarmed Combat
 * Level 11.5 Shapeshifting


You had 6 spell levels left.
You knew the following spells:

 Your Spells              Type           Power      Damage    Failure   Level
a - Blink                 Tloc           0%         N/A       50%         2

Your spell library contained the following spells:

 Spells                   Type           Power      Damage    Failure   Level
 Lesser Beckoning         Tloc           0%         N/A       50%         2
 Momentum Strike          Conj/Tloc      0%         3d8       50%         2
 Lee's Rapid Deconstruct  Erth           0%         3d4*      100%        5
 Animate Armour           Summ/Erth      Unusable   N/A       N/A         4
 Summon Lightning Spire   Summ/Air       Unusable   N/A       N/A         4

Dungeon Overview and Level Annotations

Branches:
Dungeon (7/15)             Temple (1/1) D:5           Sewer (visited)
Ossuary (visited)

Altars:
Ashenzari
Cheibriados
Dithmenos
Elyvilon
Fedhas
Hepliaklqana
Kikubaaqudgha
Makhleb
Nemelex Xobeh
Okawaru
Qazlal
Ru
Sif Muna
Trog
Uskayaw
Vehumet
Wu Jian
Xom
Yredelemnul
Zin
The Shining One

Shops:
D:1 (   D:4 (

Annotations:
D:4 3 runed translucent doors, flt's ghost, amateur DgSh


Innate Abilities, Weirdness & Mutations

You are a hulking beast.
Your limbs bulge with bestial killing power. (Slay +7)
You are too large for most types of armour.
You have claws for hands.
Your natural rate of healing is unusually fast.
You are covered in fur. (AC +1)
You have tough skin. (AC +1)


Message History

The black bear growls angrily.
You hear an angry buzzing noise.
The black bear bites you. The black bear claws you. The black bear misses you.
You hear a shout! x3
You scratch the black bear.
The black bear is lightly wounded.
You hear a shout!
The black bear bites you. The black bear claws you.
The black bear claws you but does no damage.
You mangle the black bear!!
The black bear is almost dead.
The black bear goes berserk!
You scratch the black bear but do no damage.
The black bear is almost dead.
The black bear closely misses you. The black bear claws you. x2
You claw the black bear!
You kill the black bear!
Okawaru accepts your kill.
No target in view!
No target in view!
A cyclops comes into view.
A cyclops comes into view.
The cyclops hits you.
You mangle the cyclops!! You claw the cyclops!
The cyclops is severely wounded.
The cyclops hits you!!
You scratch the cyclops.
The cyclops is severely wounded.
Unknown command.
You claw the cyclops!
You kill the cyclops!
Okawaru accepts your kill. The cyclops hits you!!
* * * LOW HITPOINT WARNING * * *
Unknown command.
Okay, then.
Okay, then.
As you read the scroll labelled HAKEHE WADAD, it crumbles to dust.
The creatures around you are filled with an inner flame!
It was a scroll of immolation.
The cyclops hits you!!
You die...

#....# #...#
#....# #...#
#....# #...#
#....# #...#
#+#######....#
#...#
.............#
#....
.............##
####.
......C.......###
......(h..........
#####.#########.##
#. !.. # ..


You could see a cyclops (inner flame).

Vanquished Creatures
  A cyclops (D:7)
  Maggie (D:6)
  Eustachio (D:5)
  A steam dragon (D:7)
  A water moccasin (D:6)
  An ice beast (D:6)
  2 ogres
  A black bear (D:7)
  2 kobold brigands (D:4)
  A phantom (D:5)
  5 water moccasin zombies (Ossuary)
  3 scorpions (D:6)
  3 howler monkeys (D:7)
  3 orc priests
  4 hounds
  5 jellies
  A sleepcap (D:6)
  4 iguanas
  An orc wizard (D:6)
  3 mummies
  Robin (D:3)
  7 adders
  2 river rats
  A shadow imp (D:5)
  3 white imps
  An ufetubus (D:5)
  3 adder zombies (Ossuary)
  4 worms
  A dart slug (D:1)
  19 orcs
  12 ball pythons
  4 bats
  14 endoplasms
  5 giant cockroaches
  14 goblins
  6 hobgoblins
  3 quokkas
  6 frilled lizards
  5 hobgoblin zombies
  10 kobolds
  4 kobold zombies
  2 orc zombies (Ossuary)
  9 rats
180 creatures vanquished.

Notes
Turn   | Place    | Note
-------+----------+-------------------------------------------
     0 | D:1      | Nattfarinn the Troll Shapeshifter began the quest for the
                  | Orb.
     0 | D:1      | Reached XP level 1. HP: 19/19 MP: 0/0
   159 | D:1      | Reached XP level 2. HP: 28/28 MP: 1/1
   536 | D:1      | Found Ziacwaqe's Weapon Boutique.
   857 | D:2      | Reached XP level 3. HP: 35/35 MP: 2/2
  1113 | D:2      | Reached skill level 4 in Shapeshifting
  1318 | D:3      | Reached XP level 4. HP: 42/42 MP: 3/3
  1319 | D:3      | Noticed Robin
  1332 | D:3      | Killed Robin
  1343 | D:3      | Found a glowing drain.
  1355 | Sewer    | Entered a sewer
  1430 | Sewer    | Reached XP level 5. HP: 49/49 MP: 4/4
  1433 | Sewer    | Reached skill level 5 in Shapeshifting
  1459 | Sewer    | Found a viscous altar of Jiyva.
  1548 | Sewer    | Reached XP level 6. HP: 57/57 MP: 5/5
  1972 | D:4      | Found a runed translucent gate.
  1973 | D:4      | Found a runed translucent gate.
  1973 | D:4      | Noticed flt's ghost (amateur DgSh)
  1974 | D:4      | Found a runed translucent gate.
  2109 | D:4      | Reached skill level 6 in Shapeshifting
  2368 | D:4      | Found Losulim's Antique Weapon Shoppe.
  2627 | D:4      | Found the +7 Throatcutter {drain, coup de grace}
  2860 | D:5      | Entered Level 5 of the Dungeon
  2884 | D:5      | Reached XP level 7. HP: 60/63 MP: 6/6
  2892 | D:5      | Noticed Eustachio
  2982 | D:5      | Reached skill level 7 in Shapeshifting
  3159 | D:5      | Killed Eustachio
  3264 | D:5      | Found a sand-covered staircase.
  3270 | Ossuary  | Entered an ossuary
  3291 | Ossuary  | Reached skill level 8 in Shapeshifting
  3372 | Ossuary  | Reached XP level 8. HP: 66/71 MP: 7/7
  3454 | Ossuary  | Identified 2 scrolls of acquirement
  3455 | Ossuary  | Acquired the ring "Jevor" {Drain rF+ Int+6 SInv}
  3461 | Ossuary  | Learned a level 2 spell: Blink
  3461 | Ossuary  | Acquired the +2 hat "Laylod" {Dex+3}
  3495 | D:5      | Found a staircase to the Ecumenical Temple.
  3546 | D:5      | Reached skill level 9 in Shapeshifting
  3553 | Temple   | Entered the Ecumenical Temple
  3840 | Temple   | Became a worshipper of Warmaster Okawaru
  4798 | D:6      | Noticed Maggie
  4804 | D:6      | Killed Maggie
  4804 | D:6      | Reached * piety under Okawaru
  4805 | D:6      | Reached skill level 10 in Shapeshifting
  4840 | D:6      | Reached XP level 9. HP: 75/79 MP: 8/8
  5294 | D:7      | Reached skill level 11 in Shapeshifting
  5364 | D:7      | Noticed a cyclops
  5365 | D:7      | Noticed a cyclops
  5370 | D:7      | Killed a cyclops
  5371 | D:7      | Slain by a cyclops

Illustrated notes

Levels and vault maps discovered:
D:1:      lemuel_arrival_river_passageway, layout_loops_ring, serial_shops, shop
D:2:      layout_loops_ring, kennysheep_generic_room_10
D:3:      layout_basic, cheibrodos_sewer_entry_sluice, uniq_robin
D:4:      layout_cave_pods, gammafunk_ghost_nasty_kobolds,
          nicolae_wooded_promenade, dilly_guarded_unrand_throatcut
D:5:      layout_cave_pods, minmay_temple_entry_proselytizer,
          nicolae_ossuary_entry_giza, uniq_eustachio
D:6:      kb_forest_paths, layout_basic, uniq_maggie
D:7:      layout_basic, nicolae_shop_national_dungeon_mall, minmay_the_grid_2x2
          [minmay_the_grid_zigzag_pyramid, minmay_the_grid_gridbox,
          minmay_the_grid_dragon_a, minmay_the_grid_prize_four_corners]
Temple:   regret_index_temple_sigil_plot

Skill      XL: |  1  2  3  4  5  6  7  8  9 |
---------------+----------------------------+-----
Shapeshifting  | 4 5 6 8 10 11 | 11.5
Fighting       | |  1.7
Dodging        | |  1.5
Unarmed Combat | |  2.1

Action                     |  1- 3 |  4- 6 |  7- 9 || total
---------------------------+-------+-------+-------++-------
  Melee: Unarmed           |    64 |   107 |   200 ||   371
         Punch             |     1 |       |     7 ||     8
    Use: Scroll            |       |       |     6 ||     6
   Stab: Sleeping          |     1 |     1 |       ||     2
 Armour: Animal skin       |    18 |    33 |    50 ||   101
  Dodge: Dodged            |    23 |    44 |    93 ||   160
   Form: Beast             |     2 |       |       ||     2
         Blade             |     1 |       |       ||     1

Table legend: (Time is in decaauts)
 A = Elapsed time spent in this place.
 B = Non-inter-level travel time spent in this place.
 C = Inter-level travel time spent in this place.
 D = Time resting spent in this place.
 E = Time spent auto-exploring this place.
 F = Levels seen in this place.
 G = Mean time per level.
                   A        B        C        D        E       F      G
               +--------+--------+--------+--------+--------+-----+--------+
         Total |   5353 |   5183 |    170 |     24 |   4189 |  10 |  535.3 |
       Dungeon |   4598 |   4479 |    119 |     24 |   3742 |   7 |  656.9 |
        Temple |    308 |    257 |     51 |      0 |    239 |   1 |  308.0 |
         Sewer |    251 |    251 |      0 |      0 |     98 |   1 |  251.0 |
       Ossuary |    194 |    194 |      0 |      0 |    110 |   1 |  194.0 |
               +--------+--------+--------+--------+--------+-----+--------+

Top non-repeatable levels by time:
     D:6: 1015 daAuts
     D:4: 888 daAuts
     D:5: 860 daAuts
     D:1: 727 daAuts
     D:2: 513 daAuts
     D:3: 470 daAuts
  Temple: 308 daAuts
   Sewer: 251 daAuts
 Ossuary: 194 daAuts
     D:7: 122 daAuts
